 Dungeon Crawl Stone Soup version 0.21-a0-260-g9b2435e (webtiles) character file.

5450 Pnyx the Unseen (level 10, -1/49 HPs)
             Began as a Spriggan Enchanter on Sept 7, 2017.
             Was a Follower of Dithmenos.
             Slain by a yak (9 damage)
             ... on level 10 of the Dungeon.
             The game lasted 00:33:08 (13195 turns).

Pnyx the Unseen (Spriggan Enchanter)               Turns: 13195, Time: 00:33:08

Health: -1/49      AC:  3    Str: 15    XL:     10   Next: 41%
Magic:  8/22       EV: 22    Int: 17    God:    Dithmenos [*.....]
Gold:   412        SH:  4    Dex: 18    Spells: 9/24 levels left

rFire    . . .     SeeInvis +   g - +1 short sword (elec)
rCold    . . .     Gourm    .   (shield restricted)
rNeg     . . .     Faith    .   b - +1 robe
rPois    +         Spirit   .   (helmet restricted)
rElec    .         Reflect  .   (no cloak)
rCorr    .         Harm     .   (gloves unavailable)
MR       +....     Clarity  +   (boots unavailable)
Stlth    ++++++++..             (no amulet)
HPRegen  0.16/turn              f - +4 ring of strength
MPRegen  0.18/turn              k - ring of poison resistance

@: mighty, about to teleport, wreathed by umbra, very quick
A: unfitting armour, large bone plates 1, camouflage 1, see invisible, clarity,
herbivore 3, speed 3, slow metabolism 2
a: Renounce Religion


You were on level 10 of the Dungeon.
You worshipped Dithmenos.
Dithmenos was aware of your devotion.
You were not hungry.

You visited 2 branches of the dungeon, and saw 11 of its levels.

You collected 559 gold pieces.
You spent 147 gold pieces at shops.

Inventory:

Hand Weapons
 g - a +1 short sword of electrocution (weapon)
 z - a +3 dagger
Missiles
 l - 3 throwing nets (quivered)
Armour
 b - a +1 robe (worn)
Jewellery
 f - a +4 ring of strength (left hand)
 k - a ring of poison resistance (right hand)
Wands
 a - a wand of flame (21/48)
 u - a wand of flame (39/48)
 w - a wand of enslavement (22/24)
 x - a wand of flame (22/48)
 y - a wand of flame (14/48)
 B - a wand of paralysis (9/24)
Scrolls
 i - 4 scrolls of identify
 j - 4 scrolls of remove curse
 m - 4 scrolls of magic mapping
 p - a scroll of teleportation
 v - a scroll of fear
 A - a scroll of amnesia
Potions
 c - a potion of flight
 e - 3 potions of mutation
 h - 5 potions of curing
 q - 2 potions of agility
 r - a potion of brilliance
Books
 C - a book of Battle

   Spells                             Type                      Level
   a - Infusion                       Charms                       1
   b - Shroud of Golubria             Charms/Translocation         2
   c - Song of Slaying                Charms                       2
   d - Spectral Weapon                Hexes/Charms                 3
   e - Regeneration                   Charms/Necromancy            3
Comestibles
 d - 2 bread rations
 o - 5 fruits
 s - 2 royal jellies


   Skills:
 - Level 3.0 Fighting
 + Level 7.1 Short Blades
 - Level 6.4 Dodging
 + Level 15.1 Stealth
 - Level 7.7 Spellcasting
 - Level 7.7 Hexes


You had 9 spell levels left.
You knew the following spells:

 Your Spells              Type           Power        Failure   Level  Hunger
a - Ensorcelled Hibernat  Hex/Ice        ###...       3%          2    None
b - Corona                Hex            ####...      1%          1    None
c - Confuse               Hex            ####....     1%          3    #......
d - Tukima's Dance        Hex            ####....     1%          3    #......
e - Dazzling Spray        Conj/Hex       ###...       6%          3    #......
f - Spectral Weapon       Hex/Chrm       ###.....     6%          3    #......


Dungeon Overview and Level Annotations

Branches:
Dungeon (10/15)            Temple (1/1) D:7
   Lair: D:8-11         Orc: D:9-12

Altars:
Ashenzari
Cheibriados
Dithmenos
Elyvilon
Fedhas
Gozag
Hepliaklqana
Kikubaaqudgha
Makhleb
Nemelex Xobeh
Okawaru
Qazlal
Ru
Sif Muna
Trog
Uskayaw
Vehumet
Wu Jian
Xom
Yredelemnul
Zin
The Shining One

Shops:
D:7 [?

Annotations:
D:9 Gastronok


Innate Abilities, Weirdness & Mutations

You are very small and have problems with some larger weapons.
You are too small for most types of armour.
You have supernaturally acute eyesight. (SInv)
You are a herbivore.
You cover ground extremely quickly.
You need consume almost no food.
You are partially covered in large bone plates. (SH +4)
Your skin changes colour to match your surroundings (Stealth+).
You possess an exceptional clarity of mind.


Message History

Aiming: Dazzling Spray
Press: ? - help, Shift-Dir - straight line, f/p - yak
Aim: a yak (almost dead, umbra)
The spray of energy misses the yak.
The spray of energy hits the yak.
The yak is lightly wounded.
The yak is dazzled.
You block the yak's attack.
Casting: Dazzling Spray
Confirm with . or Enter, or press ? or * to list all spells.
Aiming: Dazzling Spray
Press: ? - help, Shift-Dir - straight line, f/p - yak
Aim: a yak (almost dead, umbra)
The spray of energy hits the yak.
You kill the yak!
Dithmenos accepts your kill.
As you read the scroll of teleportation, it crumbles to dust.
You feel strangely unstable. The yak gores you!
* * * LOW HITPOINT WARNING * * *
Unknown command.
You feel better. The yak gores you!
You die...

......# ......# ......#
......# ......+ YY....#
Y.Y<..# #Y##### #+######
#Y## #.@Y.†.# #..###
######.## ##...# #..#
####Y## #########'##
......# #...Y....Y.#
......#######....Y.....#
......Y..Y..'..........#
......#######.......^..#
####### #..........#


You could see a yak.

Vanquished Creatures
  2 two-headed ogres (D:8)
  Pikel (D:6)
  3 yaks (D:10)
  Menkaure (D:5)
  2 water moccasins
  2 orc warriors
  2 sky beasts
  4 ogres
  A phantom (D:7)
  4 centaurs
  2 bullfrogs
  2 scorpions
  4 killer bees (D:9)
  5 howler monkeys
  3 crimson imps
  A quasit (D:5)
  2 hounds
  2 gnoll shamans (D:3)
  2 orc priests
  A jelly (D:8)
  2 bullfrog skeletons
  2 iguanas
  5 orc wizards
  5 worker ants
  2 hound skeletons
  39 gnolls
  14 adders
  A shadow imp (D:9)
  3 adder skeletons
  4 worms
  3 dart slugs
  2 leopard geckos
  28 orcs
  5 giant cockroaches
  8 goblins
  7 hobgoblins
  20 jackals
  4 quokkas
  5 ball pythons
  12 bats
  3 frilled lizards (D:1)
  A jackal skeleton (D:4)
  4 kobolds
  6 rats
  A spectral orc (D:7)
232 creatures vanquished.

Vanquished Creatures (collateral kills)
  3 gnolls (D:3)
3 creatures vanquished.

Vanquished Creatures (others)
  4 dancing weapons (D:3)
  A slave (D:6)
  An adder skeleton (D:6)
  A jackal (D:6)
  A quokka (D:6)
8 creatures vanquished.

Grand Total: 243 creatures vanquished

Notes
Turn   | Place    | Note
-------+----------+-------------------------------------------
     0 | D:1      | Pnyx the Spriggan Enchanter began the quest for the Orb.
     0 | D:1      | Reached XP level 1. HP: 9/9 MP: 5/5
   308 | D:1      | Reached XP level 2. HP: 13/13 MP: 7/7
   312 | D:1      | Learned a level 2 spell: Ensorcelled Hibernation
  1866 | D:2      | Reached XP level 3. HP: 15/16 MP: 1/9
  1871 | D:2      | Learned a level 3 spell: Confuse
  1875 | D:2      | Learned a level 3 spell: Tukima's Dance
  1935 | D:2      | Found a glowing golden altar of the Shining One.
  1937 | D:2      | Gained mutation: Your skin changes colour to match your surroundings (Stealth+). [potion of mutation]
  1937 | D:2      | Gained mutation: You possess an exceptional clarity of mind. [potion of mutation]
  1937 | D:2      | Gained mutation: You are partially covered in large bone plates. (SH +4) [potion of mutation]
  1972 | D:2      | Reached XP level 4. HP: 18/21 MP: 8/11
  2497 | D:2      | Found an ancient bone altar of Kikubaaqudgha.
  2646 | D:3      | Learned a level 3 spell: Dazzling Spray
  2817 | D:3      | Reached skill level 5 in Spellcasting
  2817 | D:3      | Reached skill level 5 in Hexes
  2866 | D:3      | Reached XP level 5. HP: 4/24 MP: 0/13
  4839 | D:3      | Noticed an ogre
  5182 | D:3      | Reached XP level 6. HP: 28/28 MP: 10/15
  5346 | D:3      | Reached skill level 5 in Stealth
  5569 | D:3      | Reached skill level 6 in Stealth
  5582 | D:3      | Reached skill level 7 in Stealth
  6002 | D:3      | Reached skill level 8 in Stealth
  6012 | D:3      | Reached XP level 7. HP: 32/32 MP: 7/16
  6483 | D:3      | Reached skill level 9 in Stealth
  6722 | D:3      | Noticed a hippogriff
  7538 | D:4      | Reached skill level 10 in Stealth
  7712 | D:4      | Reached skill level 11 in Stealth
  7781 | D:4      | Reached XP level 8. HP: 24/36 MP: 10/17
  7829 | D:4      | Reached skill level 12 in Stealth
  8257 | D:5      | Entered Level 5 of the Dungeon
  8767 | D:5      | Noticed Menkaure
  8790 | D:5      | Killed Menkaure
  8790 | D:5      | Reached skill level 1 in Fighting
  8988 | D:6      | Found a radiant altar of Vehumet.
  9268 | D:6      | Noticed Pikel
  9304 | D:6      | Killed Pikel
  9304 | D:6      | Reached XP level 9. HP: 42/42 MP: 7/20
 10541 | D:7      | Found Foidgh's Antique Armour Shop.
 10558 | D:7      | Reached skill level 5 in Dodging
 10663 | D:7      | Reached skill level 13 in Stealth
 10751 | D:7      | Learned a level 3 spell: Spectral Weapon
 10946 | D:7      | Found Nyvam's Magic Scroll Emporium.
 10961 | D:7      | Bought 3 scrolls of magic mapping for 147 gold pieces
 11057 | D:7      | Found a staircase to the Ecumenical Temple.
 11073 | Temple   | Entered the Ecumenical Temple
 11153 | Temple   | Became a worshipper of Dithmenos the Shadowed
 11253 | D:7      | Found a basalt altar of Yredelemnul.
 11574 | D:8      | Noticed a two-headed ogre
 11578 | D:8      | Killed a two-headed ogre
 11699 | D:8      | Noticed a two-headed ogre
 11710 | D:8      | Killed a two-headed ogre
 11710 | D:8      | Reached skill level 5 in Short Blades
 11710 | D:8      | Reached skill level 14 in Stealth
 11710 | D:8      | Reached XP level 10. HP: 49/49 MP: 22/22
 12619 | D:9      | Reached * piety under Dithmenos
 12740 | D:9      | Noticed Gastronok
 12764 | D:10     | Entered Level 10 of the Dungeon
 13185 | D:10     | Reached skill level 15 in Stealth
 13194 | D:10     | HP: 1/49 [yak (12)]
 13195 | D:10     | Slain by a yak

Vault maps used:
D:1:      sevenhm_arrival_forest_fort_large_4
D:2:      overflow_temple_1_default, lemuel_round_altar, first_bread,
          kennysheep_nondescript
D:3:      lemuel_castle_with_subvaults
D:4:      lemuel_another_geyser
D:5:      uniq_menkaure
D:6:      vehumet_altar_wand_db, uniq_pikel
D:7:      yredelemnul_forgotten_temple_becter, minmay_temple_entry_butterflies,
          serial_shops, shop, nicolae_shop_behind_doors, minivault_25
D:9:      uniq_grum, uniq_gastronok
D:10:     enter_trove_3, hangedman_little_slice_of_home
Temple:   regret_index_temple_mists

Skill      XL: |  1  2  3  4  5  6  7  8  9 10 |
---------------+-------------------------------+-----
Spellcasting   | 3 4 5 6 7 |  7.7
Hexes          | 4 5 6 7 |  7.7
Stealth        | 8 11 12 14 15 | 15.1
Fighting       | 2 3 |  3.0
Short Blades   | 3 5 7 |  7.1
Dodging        | 4 6 |  6.4

Action                   |  1- 3 |  4- 6 |  7- 9 | 10-12 || total
-------------------------+-------+-------+-------+-------++-------
Melee: Dagger            |    70 |   147 |       |       ||   217
       Short sword       |       |    93 |   292 |    64 ||   449
 Cast: Corona            |     3 |     1 |       |       ||     4
       Ensorcelled Hiber |    15 |    40 |    17 |    19 ||    91
       Tukima's Dance    |       |     8 |     3 |       ||    11
       Dazzling Spray    |       |     5 |     9 |    10 ||    24
       Confuse           |       |     7 |    33 |     2 ||    42
  Use: Scroll            |     6 |     5 |    10 |     3 ||    24
       Potion            |     1 |       |       |     2 ||     3
 Stab: Sleeping          |    15 |    31 |    21 |    16 ||    83
       Confused          |       |     4 |    12 |     1 ||    17
       Distracted        |       |     1 |     1 |     1 ||     3
       Invisible         |       |       |     4 |     3 ||     7
  Eat: Bread ration      |       |     1 |     1 |       ||     2
       Royal jelly       |       |       |     2 |       ||     2
Armor: Robe              |    14 |    27 |     5 |     3 ||    49
Dodge: Dodged            |    74 |   205 |   175 |    70 ||   524
Block: Other             |       |    37 |    36 |     9 ||    82

Table legend:
 A = Spawn XP
 B = Non-spawn XP
 C = Spawn XP percentage of total XP
 D = Spawn monster count
 E = Non-spawn monster count
 F = Spawn count percentage of total count
 G = Total turns spent on level
                    A         B        C        D         E        F      G
               +---------+---------+-------+---------+---------+-------+---------
         Total |       0 |    7786 |   0.0 |       0 |     235 |   0.0 | 13195
               +---------+---------+-------+---------+---------+-------+---------
           D:1 |       0 |      36 |   0.0 |       0 |      22 |   0.0 |  1611
           D:2 |       0 |      77 |   0.0 |       0 |      13 |   0.0 |  1372
           D:3 |       0 |     897 |   0.0 |       0 |      85 |   0.0 |  4440
           D:4 |       0 |     587 |   0.0 |       0 |      22 |   0.0 |   834
           D:5 |       0 |     556 |   0.0 |       0 |      16 |   0.0 |   713
           D:6 |       0 |     908 |   0.0 |       0 |      13 |   0.0 |  1500
           D:7 |       0 |     757 |   0.0 |       0 |      25 |   0.0 |   881
           D:8 |       0 |    2587 |   0.0 |       0 |      18 |   0.0 |  1056
           D:9 |       0 |     789 |   0.0 |       0 |      18 |   0.0 |   210
          D:10 |       0 |     592 |   0.0 |       0 |       3 |   0.0 |   431
               +---------+---------+-------+---------+---------+-------+---------
